 Dungeon Crawl Stone Soup version 0.24-a0-779-g36f0aeb843 (webtiles) character file.

Game seed: 12052803542603600328, levelgen mode: deterministic

8631 Ablot the Thaumaturge (level 11, -2/85 HPs)
             Began as a Gnoll Skald on Oct 8, 2019.
             Was a Priest of Okawaru.
             Slain by a komodo dragon (25 damage)
             ... on level 10 of the Dungeon.
             The game lasted 00:31:49 (9650 turns).

Ablot the Thaumaturge (Gnoll Skald)                 Turns: 9650, Time: 00:31:49

Health: -2/85      AC: 16    Str: 16    XL:     11   Next: 33%
Magic:  9/23       EV: 15    Int: 20    God:    Okawaru [***...]
Gold:   478        SH:  0    Dex: 15    Spells: 12/26 levels left

rFire    . . .     SeeInvis .   a - +2 spear (venom)
rCold    . . .     Gourm    .   (no shield)
rNeg     . . .     Faith    .   H - +0 ring mail {MR+}
rPois    .         Spirit   .   O - +0 helmet
rElec    .         Reflect  .   J - +1 cloak
rCorr    .         Harm     .   B - +0 pair of gloves
MR       +....                  (no boots)
Stlth    +++.......             (no amulet)
HPRegen  0.24/turn              y - +4 ring of intelligence
MPRegen  0.18/turn              r - +5 ring of protection

@: no status effects
A: distributed training, fangs 1, strong nose
a: Heroism, Renounce Religion


You were on level 10 of the Dungeon.
You worshipped Okawaru.
Okawaru was most pleased with you.
You were not hungry.

You visited 2 branches of the dungeon, and saw 11 of its levels.

You collected 478 gold pieces.

Inventory:

Hand Weapons
 a - a +2 spear of venom (weapon)
 C - a +2 arbalest of flaming
Missiles
 g - 152 arrows
 i - 456 stones
 j - 38 poisoned darts (quivered)
 m - 68 bolts
 w - a throwing net
Armour
 B - a +0 pair of gloves (worn)
 H - a +0 ring mail of magic resistance (worn)
 J - a +1 cloak (worn)
 O - a +0 helmet (worn)
Jewellery
 c - an uncursed ring of positive energy
 r - a +5 ring of protection (right hand)
 y - a +4 ring of intelligence (left hand)
Wands
 b - a wand of scattershot (3)
 z - a wand of polymorph (13)
 G - a wand of disintegration (15)
 I - a wand of paralysis (7)
Scrolls
 e - 11 scrolls of remove curse
 h - a scroll of identify
 l - 5 scrolls of fear
 p - 8 scrolls of teleportation
 s - a scroll of random uselessness {unknown}
 u - a scroll of enchant armour {unknown}
 v - 3 scrolls of immolation
 x - 2 scrolls of magic mapping {unknown}
 F - a scroll of amnesia {unknown}
 K - 2 scrolls of enchant weapon {unknown}
 N - a scroll of blinking {unknown}
 Q - a scroll of fog {unknown}
Potions
 f - a potion of invisibility
 n - a potion of heal wounds
 o - 4 potions of curing
 q - a potion of brilliance
 t - a potion of might
 A - 2 potions of mutation
 D - a potion of haste {unknown}
 E - 4 potions of lignification
 L - a potion of agility {unknown}
 M - a potion of berserk rage {unknown}
 R - a potion of degeneration {unknown}
Comestibles
 d - 22 rations
 k - 9 chunks of flesh


   Skills:
 + Level 7.7 Fighting
 + Level 6.1 Short Blades
 + Level 6.1 Long Blades
 + Level 6.1 Axes
 + Level 6.1 Maces & Flails
 + Level 7.7 Polearms
 + Level 6.1 Staves
 + Level 6.1 Slings
 + Level 6.1 Bows
 + Level 6.1 Crossbows
 + Level 6.1 Throwing
 + Level 6.6 Armour
 + Level 7.7 Dodging
 + Level 6.1 Stealth
 + Level 6.1 Shields
 + Level 6.1 Unarmed Combat
 + Level 8.0 Spellcasting
 + Level 5.0 Conjurations
 + Level 5.0 Hexes
 + Level 7.5 Charms
 + Level 5.0 Summonings
 + Level 5.0 Necromancy
 + Level 5.0 Translocations
 + Level 5.0 Transmutations
 + Level 5.0 Fire Magic
 + Level 5.0 Ice Magic
 + Level 5.0 Air Magic
 + Level 5.0 Earth Magic
 + Level 5.0 Poison Magic
 + Level 6.7 Invocations
 + Level 6.1 Evocations


You had 12 spell levels left.
You knew the following spells:

 Your Spells              Type           Power        Failure   Level  Hunger
a - Infusion              Chrm           ####         1%          1    None
b - Song of Slaying       Chrm           #####...     1%          2    None
c - Shroud of Golubria    Chrm/Tloc      ####..       1%          2    None
d - Regeneration          Chrm/Necr      ####......   3%          3    None
e - Spectral Weapon       Hex/Chrm       ####....     3%          3    None
f - Dazzling Spray        Conj/Hex       ####..       5%          3    None

Your spell library contained the following spells:

 Spells                   Type           Power        Failure   Level  Hunger
 Magic Dart               Conj           ####         1%          1    None
 Searing Ray              Conj           ####..       2%          2    None
 Force Lance              Conj/Tloc      ####....     19%         4    ###....
 Fulminant Prism          Conj/Hex       ####......   19%         4    ###....
 Iskenderun's Mystic Bla  Conj           ####....     19%         4    ###....


Dungeon Overview and Level Annotations

Branches:
Dungeon (10/15)            Temple (1/1) D:4             Orc (0/2) D:9
   Lair: D:8-11

Altars:
Ashenzari
Cheibriados
Dithmenos
Elyvilon
Fedhas
Gozag
Hepliaklqana
Kikubaaqudgha
Makhleb
Nemelex Xobeh
Okawaru
Qazlal
Ru
Sif Muna
Trog
Uskayaw
Vehumet
Wu Jian
Xom
Yredelemnul
Zin
The Shining One

Shops:
D:4 *   D:6 ?

Annotations:
D:9 1 runed translucent door, Beuntocw's ghost, novice TrHu


Innate Abilities, Weirdness & Mutations

Your experience applies equally to all skills.
You have very sharp teeth.
Your uncanny sense of smell can sniff out nearby items.


Message History

The komodo dragon is heavily wounded.
Your shroud bends the komodo dragon's attack away.
You catch the helpless komodo dragon completely off-guard!
You hit the komodo dragon but do no damage.
The komodo dragon looks as sick as possible!
The komodo dragon is heavily wounded.
The komodo dragon is no longer blind.
The komodo dragon closely misses you.
You puncture the komodo dragon!
The komodo dragon looks as sick as possible!
Your bite misses the komodo dragon.
The komodo dragon is heavily wounded.
You puncture the komodo dragon!
The komodo dragon is severely wounded.
The komodo dragon bites you!
* * * LOW HITPOINT WARNING * * *
Your shroud falls apart!
You hit the komodo dragon but do no damage.
The komodo dragon is severely wounded.
The komodo dragon bites you!!
You die...

.#...........+
#........
##...........######
#........
#####'###'#.......#
###....##
..........#.......#
#....#.
..........#.)>....#
#...<#.
..........#.......#
#....#.
..........#.......#
#....+.
##.##.##..#......(#
#....#.
##.##.##..#....#@##
....###.
..........#....#.l...#
.....#...
..........'....#.....#
......#...
..........#..........#
......+...
##...###..#........###
#.##
##...###..##########
## # ......#<...# #
......#....# #
......#.)..# #


You could see a komodo dragon and a friendly spectral +2 spear of venom.

Vanquished Creatures
  A centaur warrior (D:8)
  A two-headed ogre (D:9)
  A cyclops (D:8)
  2 hornets
  Prince Ribbit (D:7)
  A polar bear (D:10)
  A spriggan (D:8)
  A wyvern (D:8)
  Edmund (D:6)
  4 orc warriors
  An eye of draining (D:9)
  3 ice beasts
  2 black bears
  5 phantoms
  2 sky beasts
  3 centaurs
  A necrophage (D:8)
  3 wolves (D:10)
  4 ogres
  A crocodile (D:9)
  A big kobold (D:8)
  6 bullfrogs
  5 scorpions
  3 troll zombies (D:9)
  A vampire bat (D:2)
  7 wights
  2 electric eels (D:10)
  A centaur zombie (D:5)
  5 crimson imps
  2 hounds
  A quasit (D:10)
  5 bullfrog zombies
  11 orc priests
  A wyvern simulacrum (D:10)
  2 centaur skeletons
  A bullfrog skeleton (D:4)
  An iron imp (D:9)
  3 iguanas
  Terence (D:2)
  8 orc wizards
  7 worker ants
  A killer bee zombie (D:6)
  5 ogre zombies (D:9)
  2 hound skeletons
  2 worker ant zombies
  13 adders
  5 gnolls
  2 river rats (D:5)
  2 shadow imps (D:9)
  4 white imps (D:10)
  A worker ant simulacrum (D:10)
  An ufetubus (D:10)
  An ooze (D:1)
  An adder skeleton (D:4)
  4 adder zombies
  3 worms
  4 dart slugs
  7 leopard geckos
  46 orcs
  4 ball pythons
  A bat skeleton (D:2)
  4 bat zombies (D:2)
  4 giant cockroaches
  8 goblins
  9 hobgoblins
  11 jackals
  3 quokkas
  8 bats
  6 frilled lizards
  2 goblin skeletons (D:9)
  2 goblin zombies (D:9)
  4 hobgoblin skeletons (D:9)
  A hobgoblin zombie (D:9)
  14 kobolds
  2 leopard gecko skeletons
  3 orc skeletons (D:9)
  13 orc zombies (D:9)
  12 rats
328 creatures vanquished.

Vanquished Creatures (others)
  3 spectral weapons
3 creatures vanquished.

Grand Total: 331 creatures vanquished

Notes
Turn   | Place    | Note
-------+----------+-------------------------------------------
     0 | D:1      | Ablot the Gnoll Skald began the quest for the Orb.
     0 | D:1      | Reached XP level 1. HP: 20/20 MP: 6/6
    77 | D:1      | Reached XP level 2. HP: 21/26 MP: 3/7
   199 | D:1      | Reached XP level 3. HP: 28/31 MP: 0/9
   216 | D:1      | Learned a level 2 spell: Song of Slaying
   219 | D:1      | Learned a level 2 spell: Shroud of Golubria
   223 | D:1      | Learned a level 3 spell: Regeneration
   227 | D:1      | Learned a level 3 spell: Spectral Weapon
   265 | D:1      | Reached skill level 5 in Spellcasting
   447 | D:1      | Reached skill level 1 in Invocations
   850 | D:2      | Reached skill level 1 in Short Blades
   850 | D:2      | Reached skill level 1 in Long Blades
   850 | D:2      | Reached skill level 1 in Axes
   850 | D:2      | Reached skill level 1 in Maces & Flails
   850 | D:2      | Reached skill level 1 in Staves
   850 | D:2      | Reached skill level 1 in Slings
   850 | D:2      | Reached skill level 1 in Bows
   850 | D:2      | Reached skill level 1 in Crossbows
   850 | D:2      | Reached skill level 1 in Throwing
   850 | D:2      | Reached skill level 1 in Stealth
   850 | D:2      | Reached skill level 1 in Shields
   850 | D:2      | Reached skill level 1 in Unarmed Combat
   850 | D:2      | Reached skill level 1 in Evocations
   850 | D:2      | Reached XP level 4. HP: 35/38 MP: 4/11
  1215 | D:2      | Reached skill level 1 in Conjurations
  1215 | D:2      | Reached skill level 1 in Hexes
  1215 | D:2      | Reached skill level 1 in Summonings
  1215 | D:2      | Reached skill level 1 in Necromancy
  1215 | D:2      | Reached skill level 1 in Translocations
  1215 | D:2      | Reached skill level 1 in Transmutations
  1215 | D:2      | Reached skill level 1 in Fire Magic
  1215 | D:2      | Reached skill level 1 in Ice Magic
  1215 | D:2      | Reached skill level 1 in Air Magic
  1215 | D:2      | Reached skill level 1 in Earth Magic
  1215 | D:2      | Reached skill level 1 in Poison Magic
  1240 | D:2      | Found a sparkling altar of Nemelex Xobeh.
  1261 | D:2      | Noticed Terence
  1294 | D:2      | Killed Terence
  1294 | D:2      | Reached XP level 5. HP: 7/43 MP: 0/12
  1631 | D:2      | Found an ancient bone altar of Kikubaaqudgha.
  2162 | D:3      | Reached XP level 6. HP: 44/50 MP: 4/13
  2284 | D:3      | Found a glowing silver altar of Zin.
  2410 | D:3      | Found a sparkling altar of Nemelex Xobeh.
  2535 | D:4      | Reached skill level 5 in Fighting
  2535 | D:4      | Reached skill level 5 in Polearms
  2535 | D:4      | Reached skill level 5 in Dodging
  2722 | D:4      | Found a staircase to the Ecumenical Temple.
  2753 | Temple   | Entered the Ecumenical Temple
  2919 | D:4      | Found a hide-covered altar of Uskayaw.
  2927 | D:4      | Found Isexetops's General Store.
  3173 | D:4      | Reached XP level 7. HP: 43/56 MP: 9/15
  3831 | D:5      | Entered Level 5 of the Dungeon
  3873 | D:5      | Reached XP level 8. HP: 49/63 MP: 8/16
  3947 | D:5      | Reached skill level 6 in Spellcasting
  4318 | D:5      | Found an ornate altar of the Wu Jian Council.
  5055 | D:6      | Got a faintly glowing leather armour
  5068 | D:6      | Identified the +3 leather armour of Siusoent {Dex+3} (You
                  | found it on level 6 of the Dungeon)
  5099 | D:6      | Found a shadowy altar of Dithmenos.
  5100 | D:6      | Found Dyger's Magic Scroll Emporium.
  5235 | D:6      | Found a shimmering blue altar of Sif Muna.
  5301 | D:6      | Noticed Edmund
  5321 | D:6      | Killed Edmund
  5321 | D:6      | Reached XP level 9. HP: 69/69 MP: 7/18
  5691 | D:7      | Found a glowing golden altar of the Shining One.
  5771 | D:7      | Noticed Prince Ribbit
  5779 | D:7      | Killed Prince Ribbit
  5857 | D:7      | Got a twisted robe
  5858 | D:7      | Identified the +2 robe of Badau {rN+} (You found it on
                  | level 7 of the Dungeon)
  5884 | D:7      | Reached skill level 5 in Armour
  6659 | D:8      | Reached skill level 5 in Invocations
  6801 | D:8      | Noticed a hornet
  6802 | D:8      | Noticed a centaur warrior
  6807 | D:8      | Paralysed by a hornet for 3 turns
  6809 | D:8      | Noticed a cyclops
  6814 | D:8      | Killed a hornet
  6814 | D:8      | Reached skill level 7 in Spellcasting
  6814 | D:8      | Reached XP level 10. HP: 38/77 MP: 1/20
  6824 | D:8      | Killed a centaur warrior
  6824 | D:8      | Reached skill level 5 in Short Blades
  6824 | D:8      | Reached skill level 5 in Long Blades
  6824 | D:8      | Reached skill level 5 in Axes
  6824 | D:8      | Reached skill level 5 in Maces & Flails
  6824 | D:8      | Reached skill level 5 in Staves
  6824 | D:8      | Reached skill level 5 in Slings
  6824 | D:8      | Reached skill level 5 in Bows
  6824 | D:8      | Reached skill level 5 in Crossbows
  6824 | D:8      | Reached skill level 5 in Throwing
  6824 | D:8      | Reached skill level 5 in Stealth
  6824 | D:8      | Reached skill level 5 in Shields
  6824 | D:8      | Reached skill level 5 in Unarmed Combat
  6824 | D:8      | Reached skill level 5 in Evocations
  6844 | D:8      | Killed a cyclops
  6973 | D:8      | Found an iron altar of Okawaru.
  6977 | D:8      | Became a worshipper of Warmaster Okawaru
  6986 | D:8      | Found a blossoming altar of Fedhas.
  7452 | D:8      | Found a shadowy altar of Dithmenos.
  7470 | D:8      | Found a white marble altar of Elyvilon.
  7811 | D:9      | Reached * piety under Okawaru
  7876 | D:9      | Found a staircase to the Orcish Mines.
  7990 | D:9      | Noticed a two-headed ogre
  8013 | D:9      | Killed a two-headed ogre
  8013 | D:9      | Reached ** piety under Okawaru
  8013 | D:9      | Reached XP level 11. HP: 78/84 MP: 6/22
  8129 | D:9      | Noticed Beuntocw's ghost (novice TrHu)
  8132 | D:9      | Found a runed translucent door.
  8231 | D:9      | Found a snail-covered altar of Cheibriados.
  8959 | D:10     | Entered Level 10 of the Dungeon
  9365 | D:10     | Reached *** piety under Okawaru
  9365 | D:10     | Reached skill level 5 in Conjurations
  9365 | D:10     | Reached skill level 5 in Hexes
  9365 | D:10     | Reached skill level 5 in Summonings
  9365 | D:10     | Reached skill level 5 in Necromancy
  9365 | D:10     | Reached skill level 5 in Translocations
  9365 | D:10     | Reached skill level 5 in Transmutations
  9365 | D:10     | Reached skill level 5 in Fire Magic
  9365 | D:10     | Reached skill level 5 in Ice Magic
  9365 | D:10     | Reached skill level 5 in Air Magic
  9365 | D:10     | Reached skill level 5 in Earth Magic
  9365 | D:10     | Reached skill level 5 in Poison Magic
  9478 | D:10     | Reached skill level 8 in Spellcasting
  9547 | D:10     | Learned a level 3 spell: Dazzling Spray
  9650 | D:10     | Slain by a komodo dragon

Levels and vault maps discovered:
D:1:      psy_arrival_basics, layout_basic
D:2:      layout_loops_ring, kennysheep_vampire_church,
          nicolae_overflow_crystal_walls, grunt_ministairs_5,
          minmay_pentomino_x2, uniq_terence
D:3:      layout_loops_ring, zin_treasury, nemelex_diamond_rough_becter
D:4:      minmay_clustersquares, layout_loops_corners,
          overflow_temple_1_default, minmay_temple_entry_proselytizer,
          serial_shops, nicolae_shop_trees
D:5:      layout_loops_ring, kennysheep_mini_moat, first_ration,
          portal_sewer_entry_e
D:6:      layout_loops_ring, overflow_temple_1_default,
          overflow_temple_1_default, serial_shops, shop, uniq_edmund
D:7:      layout_layer_cave, kennysheep_mini, uniq_prince_ribbit1
D:8:      minmay_ornate_pinched, layout_gridville,
          lemuel_coloured_pillars_altar, amethyst_overflow_temple_binary,
          basic_altar, grunt_pizzeria
D:9:      layout_stronghold, slow_altar_1, zombieorc2_lemuel,
          hellmonk_ghost_happy_afterlife
D:10:     layout_gridville, serial_ice, serial_ice_f, serial_ice_d,
          serial_ice_k, serial_ice_g
Temple:   zaba_magenta_temple

Skill      XL: |  1  2  3  4  5  6  7  8  9 10 11 |
---------------+----------------------------------+-----
Spellcasting   | 5 6 7 8 |  8.0
Invocations    | 1 2 3 4 5 6 |  6.7
Short Blades   | 1 2 3 4 5 6 |  6.1
Long Blades    | 1 2 3 4 5 6 |  6.1
Axes           | 1 2 3 4 5 6 |  6.1
Maces & Flails | 1 2 3 4 5 6 |  6.1
Staves         | 1 2 3 4 5 6 |  6.1
Slings         | 1 2 3 4 5 6 |  6.1
Bows           | 1 2 3 4 5 6 |  6.1
Crossbows      | 1 2 3 4 5 6 |  6.1
Throwing       | 1 2 3 4 5 6 |  6.1
Stealth        | 1 2 3 4 5 6 |  6.1
Shields        | 1 2 3 4 5 6 |  6.1
Unarmed Combat | 1 2 3 4 5 6 |  6.1
Evocations     | 1 2 3 4 5 6 |  6.1
Conjurations   | 1 2 3 4 5 |  5.0
Hexes          | 1 2 3 4 5 |  5.0
Summonings     | 1 2 3 4 5 |  5.0
Necromancy     | 1 2 3 4 5 |  5.0
Translocations | 1 2 3 4 5 |  5.0
Transmutations | 1 2 3 4 5 |  5.0
Fire Magic     | 1 2 3 4 5 |  5.0
Ice Magic      | 1 2 3 4 5 |  5.0
Air Magic      | 1 2 3 4 5 |  5.0
Earth Magic    | 1 2 3 4 5 |  5.0
Poison Magic   | 1 2 3 4 5 |  5.0
Armour         | 3 4 5 6 |  6.6
Fighting       | 5 6 7 |  7.7
Polearms       | 5 6 7 |  7.7
Dodging        | 5 6 7 |  7.7
Charms         | 6 7 |  7.5

Action                   |  1- 3 |  4- 6 |  7- 9 | 10-12 || total
-------------------------+-------+-------+-------+-------++-------
Melee: Spear             |   100 |   328 |   453 |   533 ||  1414
       Bite              |     7 |    37 |    52 |    56 ||   152
       Punch             |       |     1 |     7 |    30 ||    38
Throw: Dart              |       |       |       |     5 ||     5
 Cast: Infusion          |     3 |    10 |    11 |     3 ||    27
       Shroud of Golubri |     1 |    14 |    31 |    25 ||    71
       Song of Slaying   |       |     3 |     6 |     8 ||    17
       Regeneration      |       |     4 |     7 |     7 ||    18
       Spectral Weapon   |       |     3 |    22 |    20 ||    45
       Dazzling Spray    |       |       |       |     3 ||     3
  Use: Scroll            |       |     7 |     6 |       ||    13
       Potion            |       |       |       |     3 ||     3
 Stab: Sleeping          |     2 |     7 |    16 |     7 ||    32
       Distracted        |       |       |     2 |     5 ||     7
       Invisible         |       |       |       |     1 ||     1
  Eat: Chunk             |       |     9 |    13 |    11 ||    33
Armor: Leather armour    |    17 |    65 |    72 |       ||   154
       Ring mail         |       |       |    16 |    94 ||   110
Dodge: Dodged            |    43 |   175 |   220 |   216 ||   654

Table legend:
 A = Non-vault XP
 B = Vault XP
 C = Vault XP percentage of total XP
 D = Non-vault monster count
 E = Vault monster count
 F = Vault count percentage of total count
                 A         B        C        D         E       F
            +---------+---------+-------+---------+---------+-------
      Total |    7440 |    4890 |  39.7 |     239 |      89 |  27.1
            +---------+---------+-------+---------+---------+-------
        D:1 |      64 |       0 |   0.0 |      29 |       0 |   0.0
        D:2 |      66 |     120 |  64.5 |      22 |      10 |  31.2
        D:3 |     161 |       0 |   0.0 |      22 |       0 |   0.0
        D:4 |     317 |     311 |  49.5 |      25 |       8 |  24.2
        D:5 |     846 |      35 |   4.0 |      17 |       8 |  32.0
        D:6 |     390 |     162 |  29.3 |      19 |       1 |   5.0
        D:7 |     839 |     264 |  23.9 |      23 |       1 |   4.2
        D:8 |    1504 |    2477 |  62.2 |      34 |      12 |  26.1
        D:9 |    1836 |     682 |  27.1 |      26 |      37 |  58.7
       D:10 |    1417 |     839 |  37.2 |      22 |      12 |  35.3
            +---------+---------+-------+---------+---------+-------
